 Dungeon Crawl Stone Soup version 0.28-a0-479-g5baa6b73be (webtiles) character file.

Game seed: 18056001271569984955

238 Dabor the Skirmisher (level 6, 0/49 HPs)
             Began as a Formicid Abyssal Knight on Sept 19, 2021.
             Was a Believer of Lugonu.
             Slain by Pikel (6 damage)
             ... on level 4 of the Dungeon.
             The game lasted 00:07:19 (4216 turns).

Dabor the Skirmisher (Formicid Abyssal Knight)      Turns: 4216, Time: 00:07:19

Health: 0/49       AC:  6    Str: 17    XL:     6   Next: 28%
Magic:  8/8        EV: 11    Int: 12    God:    Lugonu [**....]
Gold:   119        SH:  0    Dex: 11    Spells: 5/5 levels left

rFire   . . .      SeeInvis +   l - +0 hand axe (freeze)
rCold   . . .      Faith    .   (no shield)
rNeg    + . .      Spirit   .   c - +0 ring mail
rPois   .          Reflect  .   (helmet unavailable)
rElec   .          Harm     .   (no cloak)
rCorr   .          Rampage  .   n - +0 pair of gloves
Will    .....                   (no boots)
Stlth   +.........              (no amulet)
HPRegen 0.16/turn               f - ring of positive energy
MPRegen 0.11/turn               (no ring)

@: mighty, brilliant, flying
A: permanent stasis, dig shafts and tunnels, antennae 3, four strong arms
a: Dig, Shaft Self, Renounce Religion, Depart the Abyss, Bend Space


You were on level 4 of the Dungeon.
You worshipped Lugonu.
Lugonu was pleased with you.
You visited 1 branch of the dungeon, and saw 4 of its levels.
You visited the Abyss 1 time.

You collected 119 gold pieces.

Inventory:

Hand Weapons
 a - a +1 spear
 l - a +0 hand axe of freezing (weapon)
Missiles
 u - a javelin (quivered)
Armour
 b - a +0 leather armour
 c - a +0 ring mail (worn)
 n - a +0 pair of gloves (worn)
Jewellery
 f - a ring of positive energy (left hand)
 i - a +6 ring of strength
Scrolls
 d - 2 scrolls of enchant armour {unknown}
 j - a scroll of amnesia
Potions
 g - a potion of flight
 m - a potion of haste


   Skills:
 + Level 4.3 Fighting
 + Level 3.2 Polearms
 + Level 3.5 Armour
 + Level 2.3 Dodging
 + Level 3.7 Invocations


You had 5 spell levels left.
You didn't know any spells.
Your spell library contained the following spells:

 Spells                   Type           Power      Damage    Failure   Level
 Corpse Rot               Necr/Air       N/A        N/A       65%         2
 Poisonous Vapours        Pois/Air       0%         N/A       65%         2


Dungeon Overview and Level Annotations

Branches:
Dungeon (4/15)
 Temple: D:4-7

Altars:
Wu Jian

Shops:
D:2 ?

Annotations:
D:4 Pikel


Innate Abilities, Weirdness & Mutations

You cannot be hasted, slowed, berserked, paralysed or teleported.
You can dig through walls and to a lower floor.
You have a pair of large antennae on your head. (SInv)
Your four strong arms can wield two-handed weapons with a shield.


Message History

You barely miss Pikel.
Pikel hits you with a +0 whip of freezing!
Pikel freezes you.
Pikel hits you with a +0 whip of freezing!
* * * LOW HITPOINT WARNING * * *
Pikel freezes you.
* * * LOW HITPOINT WARNING * * *
It was a potion of flight.
You feel very buoyant.
You fly up into the air.
The lemure is lost in a daze.
Pikel hits you but does no damage.
It was a potion of brilliance.
You feel clever all of a sudden. Pikel hits you but does no damage.
It was a potion of berserk rage.
Your stasis prevents you from going berserk.
Pikel barely misses you.
It was a potion of magic.
Magic courses through your body.
Pikel hits you with a +0 whip of freezing.
* * * LOW HITPOINT WARNING * * *
Pikel freezes you.
* * * LOW HITPOINT WARNING * * *
It was a potion of might.
You feel very mighty all of a sudden. Pikel misses you.
You hit Pikel. You freeze Pikel.
Pikel is lightly wounded.
Pikel says, "All the lords of Hell know my name!"
Pikel closely misses you.
You closely miss Pikel.
Pikel is lightly wounded.
Pikel closely misses you.
You closely miss Pikel.
Pikel is lightly wounded.
Pikel closely misses you.
You barely miss Pikel.
Pikel is lightly wounded.
The lemure is no longer dazed.
Pikel hits you with a +0 whip of freezing.
You die...

#........^....{
#.####.####.## #(#
#.#..'.'..#.# +.+
#.#..#.#..#.# #.#
#.#+##.#+##.#+##.#
#........?........
#.#+##.#'##.#+##5#
#. #.#..#.#..#K#
#.#..'.'..#@#
##.####.####.####.#
....................
####################
{ {


You could see Pikel and a lemure.

Vanquished Creatures
  3 lemures (D:4)
  A water moccasin skeleton (D:3)
  A bullfrog zombie (D:4)
  4 gnolls (D:3)
  2 adders
  A river rat (D:3)
  A worm (D:3)
  2 dart slugs (D:3)
  5 orcs (D:3)
  4 endoplasms
  5 giant cockroaches (D:3)
  6 hobgoblins
  4 kobolds
  8 quokkas
  11 ball pythons
  4 bats
  8 frilled lizards
  4 goblins
  7 rats
81 creatures vanquished.

Notes
Turn   | Place    | Note
-------+----------+-------------------------------------------
     0 | Abyss:1  | Dabor the Formicid Abyssal Knight began the quest for the
                  | Orb.
     0 | Abyss:1  | Reached XP level 1. HP: 18/18 MP: 2/2
     0 | Abyss:1  | Found a corrupted altar of Lugonu.
    68 | Abyss:2  | Noticed a neqoxec
    69 | D:1      | Escaped the Abyss
   102 | D:1      | Noticed a great orb of eyes
   103 | D:1      | Found a faded altar of an unknown god.
   109 | D:1      | Noticed a floating eye
   109 | D:1      | Noticed a floating eye
   109 | D:1      | Noticed a great orb of eyes
   115 | D:1      | Reached skill level 1 in Dodging
   168 | D:1      | Reached XP level 2. HP: 22/24 MP: 3/3
   168 | D:1      | Reached * piety under Lugonu
   720 | D:1      | Reached XP level 3. HP: 29/29 MP: 4/4
  1526 | D:2      | Reached XP level 4. HP: 21/37 MP: 6/6
  1999 | D:2      | Found Tirph's Magic Scroll Shop.
  2125 | D:2      | Reached ** piety under Lugonu
  2334 | D:3      | Reached XP level 5. HP: 19/42 MP: 7/7
  2643 | D:3      | Reached skill level 4 in Fighting
  3459 | D:3      | Reached XP level 6. HP: 40/48 MP: 8/8
  4093 | D:4      | Found an ornate altar of the Wu Jian Council.
  4199 | D:4      | Noticed Pikel
  4216 | D:4      | Slain by Pikel

Illustrated notes

Levels and vault maps discovered:
D:1:      onia_arrival_mini_spirals, layout_rooms, serial_forest,
          infiniplex_forest_lined_corner, infiniplex_forest_3_way,
          infiniplex_forest_lined_corner, infiniplex_forest_lined_corner,
          infiniplex_forest_straight_3, infiniplex_forest_straight_2,
          infiniplex_forest_end_1, hellmonk_ecumenical_altar_watching_god
D:2:      layout_loops_corners, serial_shops, shop, serial_bayou_pond_b
D:3:      layout_loops_ring, gup_sewer_entry_bubbles, minmay_puff
D:4:      minmay_door_path, layout_loops_cross, kennysheep_mini_moat, uniq_pikel

Skill      XL: |  1  2  3  4  5 |
---------------+----------------+-----
Dodging        | 1 2 |  2.3
Armour         | 3 |  3.5
Invocations    | 3 |  3.7
Fighting       | 4 |  4.3
Polearms       | 3 |  3.2

Action                   |  1- 3 |  4- 6 || total
-------------------------+-------+-------++-------
Melee: Spear             |   121 |   204 ||   325
       Hand axe          |       |     5 ||     5
Throw: Javelin           |       |    13 ||    13
Invok: Depart the Abyss  |     1 |       ||     1
 Abil: Dig               |       |    10 ||    10
  Use: Scroll            |       |    11 ||    11
       Potion            |       |     5 ||     5
Armor: Leather armour    |    15 |       ||    15
       Ring mail         |    26 |    58 ||    84
Dodge: Dodged            |    52 |    98 ||   150

Table legend: (Time is in decaauts)
 A = Elapsed time spent in this place.
 B = Non-inter-level travel time spent in this place.
 C = Inter-level travel time spent in this place.
 D = Time resting spent in this place.
 E = Time spent auto-exploring this place.
 F = Levels seen in this place.
 G = Mean time per level.
                   A        B        C        D        E       F      G
               +--------+--------+--------+--------+--------+-----+--------+
         Total |   4243 |   4041 |    202 |    477 |   2683 |   6 |  707.2 |
       Dungeon |   4175 |   3973 |    202 |    477 |   2683 |   4 | 1043.8 |
         Abyss |     68 |     68 |      0 |      0 |      0 |   2 |   34.0 |
               +--------+--------+--------+--------+--------+-----+--------+

Top non-repeatable levels by time:
     D:3: 1521 daAuts
     D:2: 1509 daAuts
     D:1: 899 daAuts
     D:4: 244 daAuts
 Abyss:1: 38 daAuts
 Abyss:2: 30 daAuts
